 Dungeon Crawl Stone Soup version 0.31-a0-240-gb923e448b6 (webtiles) character file.

Game seed: 7258244264924259191

109 qw the Shooter (level 4, -2/26 HPs)
             Began as a Gargoyle Hexslinger on July 11, 2023.
             Slain by a gnoll
             ... wielding a +0 halberd
              (5 damage)
             ... on level 3 of the Dungeon.
             The game lasted 00:00:55 (2348 turns).

qw the Shooter (Gargoyle Hexslinger)                Turns: 2348, Time: 00:00:56

Health: -2/26      AC:  8    Str: 11    XL:     4   Next: 89%
Magic:  5/5        EV: 10    Int: 14    God:
Gold:   107        SH:  0    Dex: 14    Spells: 4/5 levels left

rFire   . . .        Y - +2 sling
rCold   . . .        (no shield)
rNeg    + . .        c - +0 ring mail
rPois   inf          (no helmet)
rElec   +            (no cloak)
rCorr   .            (no gloves)
SInv    .            (no boots)
Will    .....        (no amulet)
Stlth   +            (no ring)
HPRegen 0.24/turn    (no ring)
MPRegen 0.09/turn

%: no passive effects
@: no status effects
A: sickness immunity, AC +3, negative energy resistance 1, electricity
resistance, torment resistance 1, petrification resistance
a: no special abilities


You were on level 3 of the Dungeon.
You visited 1 branch of the dungeon, and saw 3 of its levels.

You collected 107 gold pieces.


Innate Abilities, Weirdness & Mutations

You are immune to sickness and miasma.
Your stone body is resilient. (AC +3)
You are immune to poison.
You resist negative energy. (rN+)
You are resistant to electric shocks. (rElec)
You are resistant to unholy torment.
You are immune to petrification.


   Skills:
 - Level 2.0 Fighting
 + Level 4.2 Ranged Weapons
 - Level 1.7 Armour
 - Level 1.5 Dodging
 - Level 1.0 Spellcasting
 - Level 2.6 Hexes


You had 4 spell levels left.
You knew the following spells:

 Your Spells              Type           Power      Damage    Failure   Level
a - Slow                  Hex            32%        N/A       21%         1

Your spell library contained the following spells:

 Spells                   Type           Power      Damage    Failure   Level
 Inner Flame              Hex/Fire       4%         N/A       71%         3
 Portal Projectile        Hex/Tloc       8%         N/A       71%         3
 Cause Fear               Hex            4%         N/A       90%         4

Inventory:

Hand Weapons
 Y - a +2 sling (weapon)
Armour
 b - a +0 cloak
 c - a +0 ring mail (worn)
Potions
 a - a potion of attraction {unknown}
 d - a potion of cancellation {unknown}
 g - a potion of haste {unknown}
 h - a potion of curing

Dungeon Overview and Level Annotations

Branches:
Dungeon (3/15)

Altars:


Message History

2338 ||| Stepping ~*~*~tactically~*~*~ (outnumbered).
Enter note:
Enter note:
Enter note:
Enter note: A gnoll comes into view. It is wielding a +0 whip.
2340 ||| Stepping ~*~*~tactically~*~*~ (outnumbered).
You shoot a sling bullet.
The sling bullet closely misses the gnoll.
You shoot a sling bullet.
The sling bullet barely misses the gnoll.
The sling bullet closely misses the gnoll.
The gnoll completely misses you.
The gnoll hits you from afar with a +0 halberd.
You shoot a sling bullet. The sling bullet hits the gnoll.
The gnoll is moderately wounded.
The gnoll closely misses you.
The gnoll hits you from afar with a +0 halberd.
You shoot a sling bullet. The sling bullet hits the gnoll.
The gnoll is heavily wounded.
The gnoll hits you with a +0 whip. The gnoll barely misses you. x2
The gnoll hits you with a +0 whip.
You shoot a sling bullet.
The sling bullet closely misses the gnoll.
The sling bullet hits the gnoll!
The gnoll is heavily wounded.
The gnoll hits you but does no damage.
The gnoll hits you from afar with a +0 halberd!
You shoot a sling bullet.
The sling bullet closely misses the gnoll.
The sling bullet hits the gnoll but does no damage.
The gnoll is heavily wounded.
The gnoll hits you but does no damage. x3
You shoot a sling bullet. The sling bullet hits the gnoll.
The gnoll is almost dead.
The gnoll barely misses you. x2
You shoot a sling bullet. The sling bullet hits the gnoll!
You kill the gnoll!
The gnoll hits you from afar with a +0 halberd.
You die...

#. ##.## ##...# #
..... #. ...#
##..###..####g.g
.........gg...#
#.....).#
#.####@.#
#......)#
#########.##
#.......#.#
#.#####.#.########
#.# #.#.#......#
#.# ###.#.#.####.#
#.#
#........###.##
#.#
#.#...........#


You could see 2 gnolls.

Vanquished Creatures
  An orc priest (D:2)
  A gnoll (D:3)
  2 dart slugs
  4 orcs
  2 endoplasms
  2 giant cockroaches
  10 goblins
  7 hobgoblins
  4 jackals (D:2)
  4 quokkas
  8 ball pythons
  12 bats
  3 frilled lizards
  2 kobolds
  2 rats (D:1)
64 creatures vanquished.

Notes
Turn   | Place    | Note
-------+----------+-------------------------------------------
     0 | D:1      | qw the Gargoyle Hexslinger began the quest for the Orb.
     0 | D:1      | Reached XP level 1. HP: 12/12 MP: 2/2
     0 | D:1      | 0 ||| qw: Version: 0.3-a-52-g30416fa
     0 | D:1      | 0 ||| qw: Game counter: 6076
     0 | D:1      | 0 ||| qw: Melee chars always use a shield: true
     0 | D:1      | 0 ||| qw: God list: Okawaru
     0 | D:1      | 0 ||| qw: Allow faded altars: false
     0 | D:1      | 0 ||| qw: Do Orc after clearing Dungeon:15 true
     0 | D:1      | 0 ||| qw: Do second Lair branch before Depths: true
     0 | D:1      | 0 ||| qw: Lair rune preference: random
     0 | D:1      | 0 ||| qw: Goals: Normal
     0 | D:1      | 0 ||| PLANNING D:1-11
    52 | D:1      | Reached XP level 2. HP: 16/16 MP: 3/3
   114 | D:1      | Reached skill level 3 in Ranged Weapons
   239 | D:1      | 239 ||| Stepping ~*~*~tactically~*~*~ (outnumbered).
   299 | D:1      | Reached XP level 3. HP: 12/21 MP: 4/4
   678 | D:1      | 678 ||| READING scroll labelled JAMEBR LANIHOB.
   679 | D:1      | 679 ||| READING scroll labelled HIKISA BIFIU.
   680 | D:1      | 680 ||| READING scroll labelled OXZOKI ACINAE.
   681 | D:1      | 681 ||| DROPPING scroll of poison.
  1178 | D:2      | Reached XP level 4. HP: 24/26 MP: 5/5
  1480 | D:2      | Reached skill level 4 in Ranged Weapons
  1638 | D:2      | 1638 ||| UPGRADING to +0 leather armour.
  1648 | D:2      | 1648 ||| DROPPING +0 robe.
  1649 | D:2      | 1649 ||| READING scroll labelled BEYPUI ROXIKH.
  1650 | D:2      | 1650 ||| DRINKING 2 silvery potions.
  1860 | D:3      | 1860 ||| FLEEEEING.
  1861 | D:3      | 1861 ||| FLEEEEING.
  1862 | D:3      | 1862 ||| FLEEEEING.
  1863 | D:3      | 1863 ||| FLEEEEING.
  1864 | D:3      | 1864 ||| FLEEEEING.
  1865 | D:3      | 1865 ||| FLEEEEING.
  1866 | D:3      | 1866 ||| FLEEEEING.
  1867 | D:3      | 1867 ||| FLEEEEING.
  1868 | D:3      | 1868 ||| FLEEEEING.
  1869 | D:3      | 1869 ||| FLEEEEING.
  1870 | D:3      | 1870 ||| FLEEEEING.
  1871 | D:3      | 1871 ||| FLEEEEING.
  1871 | D:3      | HP: 4/26 [orc priest/divine providence (11)]
  1872 | D:3      | 1872 ||| FLEEEEING.
  1873 | D:3      | 1873 ||| FLEEEEING.
  1874 | D:3      | 1874 ||| FLEEEEING.
  1875 | D:3      | 1875 ||| FLEEEEING.
  1876 | D:3      | 1876 ||| FLEEEEING.
  1877 | D:3      | 1877 ||| FLEEEEING.
  1878 | D:3      | 1878 ||| FLEEEEING.
  1879 | D:3      | 1879 ||| FLEEEEING.
  1880 | D:3      | 1880 ||| FLEEEEING.
  1881 | D:3      | 1881 ||| FLEEEEING.
  1882 | D:3      | 1882 ||| FLEEEEING.
  1883 | D:3      | 1883 ||| FLEEEEING.
  1884 | D:3      | 1884 ||| FLEEEEING.
  1885 | D:3      | 1885 ||| FLEEEEING.
  1886 | D:3      | 1886 ||| FLEEEEING.
  1887 | D:3      | 1887 ||| FLEEEEING.
  1888 | D:3      | 1888 ||| FLEEEEING.
  1889 | D:3      | 1889 ||| FLEEEEING.
  1890 | D:3      | 1890 ||| FLEEEEING.
  1891 | D:3      | 1891 ||| FLEEEEING.
  1892 | D:3      | 1892 ||| STAIRDANCE
  1965 | D:3      | 1965 ||| STAIRDANCE
  1993 | D:2      | 1993 ||| UPGRADING to +0 ring mail.
  2003 | D:2      | 2003 ||| DROPPING +0 leather armour.
  2011 | D:3      | 2011 ||| STAIRDANCE
  2011 | D:3      | HP: 6/26 [orc priest/divine providence (17)]
  2014 | D:2      | Reached skill level 1 in Armour
  2185 | D:3      | Identified the +6 spear "Maapn" {freeze, SInv}
  2338 | D:3      | 2338 ||| Stepping ~*~*~tactically~*~*~ (outnumbered).
  2340 | D:3      | 2340 ||| Stepping ~*~*~tactically~*~*~ (outnumbered).
  2345 | D:3      | HP: 2/26 [gnoll/+0 halberd (9)]
  2348 | D:3      | Slain by a gnoll

Levels and vault maps discovered:
D:1:      minmay_arrival_hallway, layout_loops_ring
D:2:      layout_basic, kennysheep_nub, minmay_box_of_dots
D:3:      layout_loops_corners, serial_shops, shop, uniq_terence

Skill      XL: |  1  2  3  4 |
---------------+-------------+-----
Ranged Weapons | 3 4 |  4.2
Fighting       | 2 |  2.0
Armour         | 1 |  1.7
Dodging        | |  1.5
Spellcasting   | |  1.0
Hexes          | |  2.6

Action                     |  1- 3 |  4- 6 || total
---------------------------+-------+-------++-------
   Fire: Sling             |   137 |    67 ||   204
    Use: Scroll            |     3 |     1 ||     4
         Potion            |       |     1 ||     1
 Armour: Robe              |    23 |     3 ||    26
         Ring mail         |       |     5 ||     5
  Dodge: Dodged            |    37 |    22 ||    59

Table legend:
 A = Non-vault XP
 B = Vault XP
 C = Vault XP percentage of total XP
 D = Non-vault monster count
 E = Vault monster count
 F = Vault count percentage of total count
                 A         B        C        D         E       F
            +---------+---------+-------+---------+---------+-------
      Total |     169 |       2 |   1.2 |      63 |       1 |   1.6
            +---------+---------+-------+---------+---------+-------
        D:1 |      50 |       0 |   0.0 |      30 |       0 |   0.0
        D:2 |      86 |       2 |   2.3 |      24 |       1 |   4.0
        D:3 |      33 |       0 |   0.0 |       9 |       0 |   0.0
            +---------+---------+-------+---------+---------+-------
